 Dungeon Crawl Stone Soup version 0.31-a0-204-g7da18cac08 (webtiles) character file.

Game seed: 9515551223990756374

29 qw the Shooter (level 3, -2/20 HPs)
             Began as a Deep Elf Hunter on June 27, 2023.
             Slain by a worm (7 damage)
             ... on level 2 of the Dungeon.
             The game lasted 00:00:16 (530 turns).

qw the Shooter (Deep Elf Hunter)                     Turns: 530, Time: 00:00:17

Health: -2/20      AC:  5    Str: 10    XL:     3   Next: 1%
Magic:  5/5        EV: 11    Int: 13    God:
Gold:   0          SH:  0    Dex: 18    Spells: 2/2 levels left

rFire   . . .        Y - +0 shortbow
rCold   . . .        (shield currently unavailable)
rNeg    . . .        d - +0 ring mail
rPois   .            (no helmet)
rElec   .            (no cloak)
rCorr   .            (no gloves)
SInv    .            (no boots)
Will    .....        (no amulet)
Stlth   +            (no ring)
HPRegen 0.23/turn    (no ring)
MPRegen 0.09/turn

%: no passive effects
@: weak-willed
A: no striking features
a: no special abilities


You were on level 2 of the Dungeon.
You visited 1 branch of the dungeon, and saw 2 of its levels.


   Skills:
 - Level 1.5 Fighting
 + Level 6.6 Ranged Weapons
 - Level 2.4 Dodging
 - Level 1.2 Stealth


You had 2 spell levels left.
You didn't know any spells.
Your spell library was empty.

Inventory:

Hand Weapons
 Y - a +0 shortbow (weapon)
Armour
 d - a +0 ring mail (worn)
Potions
 e - a potion of curing {unknown}
 f - a potion of heal wounds {unknown}
 g - a potion of brilliance {unknown}
 h - a potion of attraction {unknown}

Dungeon Overview and Level Annotations

Branches:
Dungeon (2/15)

Altars:

Shops:
D:1 !


Message History

It was a scroll of noise.
Done exploring.
514 ||| DROPPING scroll of butterflies.
You drop a scroll of butterflies.
Done exploring.
(D) Dungeon
Where to? (* - list waypoints, ? - help)
What level of the Dungeon? (default 1, ? - help)
There is a stone staircase leading down here.
You climb downwards.
There is a stone staircase leading up here.
Waypoint 1 assigned to D:2.
An endoplasm comes into view.
You shoot an arrow. The arrow hits the endoplasm.
The endoplasm quivers.
The endoplasm is heavily wounded.
A worm comes into view.
You shoot an arrow. The arrow hits the worm!
The worm is moderately wounded.
You shoot an arrow. The arrow hits the worm!
The worm is severely wounded.
You shoot an arrow.
The arrow hits the worm but does no damage.
The worm is severely wounded.
You shoot an arrow.
The arrow hits the worm but does no damage.
The worm is severely wounded.
The worm bites you!
You shoot an arrow. The arrow hits the worm.
The worm is severely wounded.
The endoplasm freezes you.
You are frozen.
The worm bites you but does no damage.
You shoot an arrow.
The arrow hits the worm but does no damage.
The worm is severely wounded.
The endoplasm hits you but does no damage.
You shoot an arrow. The arrow hits the worm.
The worm is severely wounded.
The endoplasm freezes you.
You are frozen.
The worm bites you!
You die...

.....
...#
...# ..#
..# #
###.##.#
#..J...#
#@####.#
#w.....#
#.######
#.. ####


You could see a worm and an endoplasm.

Vanquished Creatures
  A gnoll (D:1)
  An endoplasm (D:1)
  2 giant cockroaches (D:1)
  3 goblins (D:1)
  3 hobgoblins (D:1)
  4 bats (D:1)
  A frilled lizard (D:1)
  2 kobolds (D:1)
  2 rats (D:1)
19 creatures vanquished.

Notes
Turn   | Place    | Note
-------+----------+-------------------------------------------
     0 | D:1      | qw the Deep Elf Hunter began the quest for the Orb.
     0 | D:1      | Reached XP level 1. HP: 12/12 MP: 3/3
     0 | D:1      | 0 ||| qw: Version: 0.3-a-22-g0ed2b0b
     0 | D:1      | 0 ||| qw: Game counter: 6531
     0 | D:1      | 0 ||| qw: Melee chars always use a shield: true
     0 | D:1      | 0 ||| qw: God list: Okawaru
     0 | D:1      | 0 ||| qw: Allow faded altars: false
     0 | D:1      | 0 ||| qw: Do Orc after clearing Dungeon:15 true
     0 | D:1      | 0 ||| qw: Do second Lair branch before Depths: true
     0 | D:1      | 0 ||| qw: Lair rune preference: random
     0 | D:1      | 0 ||| qw: Goals: Normal
     0 | D:1      | 0 ||| PLANNING D:1-11
    25 | D:1      | Found Intaf's Distillery.
    31 | D:1      | 31 ||| SHOPLISTING potion of curing (42 gold, have 0).
    31 | D:1      | 31 ||| SHOPLISTING potion of enlightenment (70 gold, have
                  | 0).
    31 | D:1      | 31 ||| SHOPLISTING potion of haste (140 gold, have 0).
    31 | D:1      | 31 ||| SHOPLISTING potion of mutation (112 gold, have 0).
   211 | D:1      | Reached XP level 2. HP: 16/16 MP: 4/4
   213 | D:1      | Reached skill level 6 in Ranged Weapons
   408 | D:1      | 408 ||| FLEEEEING.
   409 | D:1      | 409 ||| FLEEEEING.
   410 | D:1      | 410 ||| FLEEEEING.
   411 | D:1      | 411 ||| FLEEEEING.
   412 | D:1      | 412 ||| FLEEEEING.
   413 | D:1      | 413 ||| FLEEEEING.
   414 | D:1      | 414 ||| FLEEEEING.
   415 | D:1      | 415 ||| FLEEEEING.
   416 | D:1      | 416 ||| FLEEEEING.
   417 | D:1      | 417 ||| FLEEEEING.
   418 | D:1      | 418 ||| FLEEEEING.
   494 | D:1      | Reached XP level 3. HP: 20/20 MP: 5/5
   499 | D:1      | 499 ||| UPGRADING to +0 ring mail.
   509 | D:1      | 509 ||| DROPPING +0 leather armour.
   510 | D:1      | 510 ||| READING scroll labelled FUAZAL HUACK.
   511 | D:1      | 511 ||| READING scroll labelled BEIBLA XERCHI.
   512 | D:1      | 512 ||| READING scroll labelled LOIPTETHICLO.
   513 | D:1      | 513 ||| READING scroll labelled FAUHIU GUNI.
   514 | D:1      | 514 ||| DROPPING scroll of butterflies.
   530 | D:2      | HP: 5/20 [frozen (5)]
   530 | D:2      | Slain by a worm

Levels and vault maps discovered:
D:1:      shiori_arrival_maze, layout_basic, serial_shops, shop,
          nicolae_grassy_gnolls
D:2:      layout_basic

Skill      XL: |  1  2 |
---------------+-------+-----
Ranged Weapons | 6 |  6.6
Fighting       | |  1.5
Dodging        | |  2.4
Stealth        | |  1.2

Action                     || total
---------------------------++-------
   Fire: Shortbow          ||    50
    Use: Scroll            ||     4
 Armour: Leather armour    ||     1
         Ring mail         ||     2
  Dodge: Dodged            ||     4

Table legend:
 A = Non-vault XP
 B = Vault XP
 C = Vault XP percentage of total XP
 D = Non-vault monster count
 E = Vault monster count
 F = Vault count percentage of total count
                 A         B        C        D         E       F
            +---------+---------+-------+---------+---------+-------
      Total |      26 |      16 |  38.1 |      16 |       3 |  15.8
            +---------+---------+-------+---------+---------+-------
        D:1 |      26 |      16 |  38.1 |      16 |       3 |  15.8
            +---------+---------+-------+---------+---------+-------
